 Dungeon Crawl Stone Soup version 0.31.0-32-g396128a36d (webtiles) character file.

Game seed: 15416846406569812613

18 Minsecho the Gusty (level 2, -2/15 HPs)
             Began as a Tengu Air Elementalist on Mar 13, 2024.
             Slain by Terence
             ... wielding a +2 heavy trident
              (17 damage)
             ... on level 2 of the Dungeon.
             The game lasted 00:01:16 (1062 turns).

Minsecho the Gusty (Tengu Air Elementalist)         Turns: 1062, Time: 00:01:16

Health: -2/15      AC:  4    Str:  8    XL:     2   Next: 70%
Magic:  6/6        EV: 12    Int: 15    God:
Gold:   87         SH:  0    Dex: 14    Spells: 2/5 levels left

rFire   . . .        e - +0 short sword
rCold   . . .        (no shield)
rNeg    . . .        h - +2 robe {Will+}
rPois   .            (helmet restricted)
rElec   .            (no cloak)
rCorr   .            (no gloves)
SInv    +            (boots unavailable)
Will    +....        (no amulet)
Stlth   ++           d - ring of see invisible
HPRegen 0.22/turn    (no ring)
MPRegen 0.10/turn

%: acrobat
@: no status effects
A: beak, talons 3, acrobatic
a: no special abilities


You were on level 2 of the Dungeon.
You visited 1 branch of the dungeon, and saw 2 of its levels.

You collected 87 gold pieces.

Inventory:

Hand Weapons
 c - a +0 dagger
 e - a +0 short sword (weapon)
Armour
 a - a +0 robe
 h - a +2 robe of willpower (worn)
Jewellery
 d - a ring of see invisible (left hand)
Scrolls
 f - a scroll of immolation {unknown}
 i - a scroll of acquirement {unknown}
Potions
 b - a potion of magic
 g - a potion of brilliance {unknown}


   Skills:
 + Level 2.4 Dodging
 + Level 2.2 Stealth
 + Level 2.1 Spellcasting
 + Level 1.8 Conjurations
 + Level 4.5 Air Magic


You had 2 spell levels left.
You knew the following spells:

 Your Spells              Type           Power      Damage    Failure   Level
a - Shock                 Conj/Air       44%        1d5       6%          1
b - Static Discharge      Conj/Air       22%        3-4/arc   9%          2

Your spell library contained the following spells:

 Spells                   Type           Power      Damage    Failure   Level
 Swiftness                Air            15%        N/A       11%         3
 Airstrike                Air            7%         2d(2-18)  34%         4


Dungeon Overview and Level Annotations

Branches:
Dungeon (2/15)

Altars:

Annotations:
D:2 Terence


Innate Abilities, Weirdness & Mutations

You have a beak for a mouth.
You have claws for feet.
You can magically evade attacks while moving or waiting.


Message History

You now have 87 gold pieces (gained 11).
A goblin comes into view. It is wielding a +0 dagger.
The goblin shouts!
The zap misses the goblin.
The zap misses the goblin.
A goblin comes into view. It is wielding a +0 dagger.
The zap hits the goblin.
You kill the goblin!
The goblin shouts!
The zap hits the goblin.
The goblin is heavily wounded.
The zap hits the goblin.
You kill the goblin!
Items here: )) ††.
Found a dagger.
Items here: )) ††.
You see here a +0 dagger.
Done exploring.
Done exploring.
Done exploring.
There is a stone staircase leading down here.
You climb downwards.
The ball python hisses angrily.
Found a polished spear and 20 gold pieces.
Found an escape hatch in the ceiling.
There is a stone staircase leading up here.
There are monsters nearby!
The helpless hobgoblin fails to defend itself.
You hit the hobgoblin. You claw the hobgoblin.
The hobgoblin is severely wounded.
The hobgoblin hits you but does no damage.
You hit the hobgoblin but do no damage.
The hobgoblin is severely wounded.
Terence shouts!
The hobgoblin closely misses you. The bat hits you but does no damage.
The hobgoblin barely misses you.
Terence hits you from afar with a +2 heavy trident!
Ouch! That really hurt!
You die...
Terence says, "That felt goooood."

#######
##.....##
#.#.@.....##
#..).b@....#
#..♣...g.♣....
.$........# #
#....♣.♣.$.#
##....S....#
#.♣.....♣...
#.. .<. .....
. ....... ...


You could see Terence, a hobgoblin, a bat and a ball python.

Vanquished Creatures
  2 bats (D:1)
  2 endoplasms (D:1)
  A giant cockroach (D:1)
  6 goblins (D:1)
  3 ball pythons (D:1)
  2 kobolds (D:1)
  A rat (D:1)
17 creatures vanquished.

Notes
Turn   | Place    | Note
-------+----------+-------------------------------------------
     0 | D:1      | Minsecho the Tengu Air Elementalist began the quest for the
                  | Orb.
     0 | D:1      | Reached XP level 1. HP: 10/10 MP: 4/4
   290 | D:1      | Reached XP level 2. HP: 15/15 MP: 3/6
   491 | D:1      | Learned a level 2 spell: Static Discharge
  1059 | D:2      | Noticed Terence
  1062 | D:2      | Slain by Terence

Illustrated notes

Levels and vault maps discovered:
D:1:      wander_arrival_abandoned_jail, layout_loops_ring, serial_forest,
          infiniplex_forest_zigzag_2, infiniplex_forest_lined_room_3,
          infiniplex_forest_side_room, infiniplex_forest_end_double,
          infiniplex_forest_clump_C, infiniplex_forest_lined_room_3,
          infiniplex_forest_lined_3_way, infiniplex_forest_clump_medium
D:2:      layout_loops_ring, dreamdust_ecumenical_altar_sealed_demon,
          grunt_ministairs_10, corexii_item_surrounded_by_moat,
          minmay_pentomino_v2, uniq_terence

Action                     || total
---------------------------++-------
  Melee: Short sword       ||     5
         Kick              ||     3
   Cast: Shock             ||    25
   Stab: Sleeping          ||     1
 Armour: Robe              ||     4
  Dodge: Dodged            ||     6
